woodfighter, chaotic female human Barbarian ----------- .J.Y...)... ----------------------------.. |..........................|.. |.............<....).......... ---...)...........*..........|.. |............)....[).........| ------------------------------ woodfighter the Bandit Experience level: 9 Strength: 25 Dexterity: 17 Constitution: 19 Intelligence: 7 Wisdom: 8 Charisma: 6 Health: 0(119) Energy: 23(23) Def: 10 Gold: 26 Moves: 6957 Dungeon seed: n2TimkzWpWpYh76k Game ID: woodfighter_1445800067 Your Inventory: Coins $ - 26 gold pieces Amulets f - an uncursed amulet versus poison Weapons a - a +0 battle-axe (weapon in hands) b - 10 +0 daggers (in quiver) Armor e - a blessed +0 ring mail (being worn) x - an uncursed +1 dwarvish cloak (being worn) y - an uncursed +0 Hawaiian shirt (being worn) M - a blessed +1 pair of iron shoes (being worn) N - an uncursed +0 pair of gauntlets of power (being worn) P - an uncursed +1 mummy wrapping T - an uncursed +0 dwarvish iron helm (being worn) Comestibles c - 5 uncursed food rations F - an uncursed sprig of wolfsbane Scrolls Y - an uncursed scroll of fire Wands g - a wand of magic missile (0:4) s - a wand of teleportation (0:7) E - a wand of speed monster (0:0) Tools d - an uncursed towel j - 6 uncursed tallow candles (0:200) D - a blessed oil lamp (0:1247) O - 2 uncursed wax candles (0:400) Q - a cursed tallow candle (0:200) U - an uncursed skeleton key Gems n - an uncursed amethyst stone q - an uncursed touchstone z - an uncursed luckstone Spells and supernatural/magical abilities: Name Level Category Fail Memory W - pray for help -- divine ? -- Your skills at the end: Miscellaneous Skills bare handed combat [Basic] Weapon Skills axe [Skilled] two-handed sword [Basic] Spellcasting Skills Final Attributes: You were stridently aligned. You were fire resistant. You were poison resistant. You were telepathic. You were invisible. You were fast. You were lucky. You had extra luck. Bad luck did not time out for you. Good luck did not time out for you. You are dead. Vanquished creatures: a minotaur a watch captain a large mimic 2 water elementals 2 small mimics 2 trolls a djinni a flaming sphere a gargoyle a chameleon a pit viper a leather golem 3 watchmen an incubus a giant beetle a cockatrice a gremlin a leprechaun a spotted jelly an ice vortex a vampire bat 2 gnome kings an orc mummy an owlbear a chickatrice a jaguar 3 dwarf lords a water nymph a dust vortex a raven 2 snakes 2 human zombies a rope golem a soldier ant 2 baby crocodiles 3 wood nymphs a fog cloud a yellow light a shrieker 14 gnome lords 8 gnomish wizards a kobold mummy 3 gray oozes a barrow wight 3 elf zombies a ghoul a paper golem 2 little dogs a floating eye 15 dwarves 2 iguanas 4 rothes 9 monkeys a dwarf zombie 4 killer bees a coyote 3 hobbits 2 acid blobs 3 geckos a hobgoblin a giant rat 2 cave spiders a yellow mold a green mold 53 gnomes 3 gnome zombies 2 jackals 2 foxes a kobold 5 newts 3 goblins 5 sewer rats a bat 2 lichens 2 kobold zombies 216 creatures vanquished. Voluntary challenges: You used a wielded weapon 291 times, starting on turn 29. You did not apply a unicorn horn. You read items or engraved 6 times, starting on turn 3527. You never genocided any monsters. You never polymorphed an object. You never changed form. You used no wishes. You never split a pudding. You never wrote Elbereth's name. You violated your moral code, losing 13 points of alignment, starting on turn 4179. Dungeon overview: The Dungeons of Doom: levels 1 to 5 Level 1 a fountain a long staircase Level 2 a general store Level 3 a general store Level 4 a general store, an altar to Mitra stairs to The Gnomish Mines Level 5 a fountain The Gnomish Mines: levels 5 to 12 Level 5 stairs to The Dungeons of Doom Level 6 Level 7 Level 8 some shops, a temple to Mitra, a magic chest, a fountain, a sink Level 9 Level 10 Level 11 Level 12 <- You were here History has recorded: On T:1 you entered the Dungeons of Doom to retrieve the Amulet of Yendor! On T:147 you reached level 2 of The Dungeons of Doom. On T:471 you reached level 3 of The Dungeons of Doom. On T:557 you advanced to experience level 2. On T:1013 you advanced to experience level 3. On T:1040 you advanced to experience level 4. On T:1409 you reached level 4 of The Dungeons of Doom. On T:1740 you reached level 1 of The Gnomish Mines. On T:1905 you reached level 5 of The Dungeons of Doom. On T:1978 you advanced to experience level 5. On T:2535 you advanced to experience level 6. On T:2634 you reached level 2 of The Gnomish Mines. On T:3154 you reached level 3 of The Gnomish Mines. On T:3209 you advanced to experience level 7. On T:3241 you reached level 4 of The Gnomish Mines. On T:4175 you entered the Minetown temple On T:4873 you opened a magic chest. On T:4874 you opened a magic chest. On T:4875 you opened a magic chest. On T:4876 you opened a magic chest. On T:4921 you opened a magic chest. On T:4939 you advanced to experience level 8. On T:5280 you opened a magic chest. On T:5475 you opened a magic chest. On T:5500 you opened a magic chest. On T:5506 you opened a magic chest. On T:5507 you opened a magic chest. On T:5617 you reached level 5 of The Gnomish Mines. On T:5838 you reached level 6 of The Gnomish Mines. On T:5843 you reached level 7 of The Gnomish Mines. On T:5976 you reached level 8 of The Gnomish Mines. On T:5976 you reached the bottom of the Mines. On T:6330 you opened a magic chest. On T:6358 you opened a magic chest. On T:6359 you opened a magic chest. On T:6360 you opened a magic chest. On T:6436 you advanced to experience level 9. Score breakdown: Gold: 26 ( 2 points) Experience: 9 levels ( 800 points) Exploration: 12 levels ( 330 points) Discoveries: 20 items ( 1000 points) Variety of kills: 75 monsters ( 2000 points) Major goal: reached Mine's End ( 1000 points) Survival: died (score multiplied by 3) Total score: 15396 Latest messages: You put a blessed potion of full healing into the magic chest. You put an uncursed swirly potion into the magic chest. You put an uncursed cloudy potion into the magic chest. You put a blessed brown potion into the magic chest. You put an uncursed wand called zaptest into the magic chest. You put 7 uncursed tallow candles into the magic chest. You put an uncursed gem called value into the magic chest. (2x) Your movements are now unencumbered. You have a little trouble lifting k - an uncursed wand called invis?. You have a little trouble lifting j - 12 uncursed tallow candles. You have a little trouble lifting Q - a cursed tallow candle. You have a little trouble lifting O - an uncursed wax candle. You have a little trouble lifting Y - an uncursed gem called value. You have a little trouble lifting G - an uncursed gem called value. Your movements are slowed slightly because of your load. You drop an uncursed +0 dwarvish cloak. You sold an uncursed +0 dwarvish cloak for 25 gold pieces. You drop a cursed dwarvish cloak. You sold a cursed dwarvish cloak for 25 gold pieces. You drop an uncursed dwarvish cloak. You swing your battle-axe in a wide arc. You smite the jabberwock! The jabberwock bites! (2x) The jabberwock claws you! (2x) You die... Final status: Goodbye woodfighter the Barbarian, killed by a jabberwock... You died in The Gnomish Mines on dungeon level 12 with 15396 points, and 26 pieces of gold, after 6957 moves. You were level 9 with a maximum of 119 hit points when you died.